 Dungeon Crawl Stone Soup version 0.28-a0-1447-ga5a8893891 (webtiles) character file.

Game seed: 257746466071391936

1354 squill the Conjurer (level 8, -3/60 HPs)
             Began as a Hill Orc Conjurer on Jan 12, 2022.
             Was a Believer of Hepliaklqana.
             Slain by a vampire mosquito (5 damage)
             ... on level 6 of the Dungeon.
             The game lasted 00:14:50 (7361 turns).

squill the Conjurer (Hill Orc Conjurer)             Turns: 7361, Time: 00:14:51

Health: -3/60      AC: 11    Str: 16    XL:     8   Next: 63%
Magic:  8/13       EV: 10    Int: 20    God:    Hepliaklqana [**....]
Gold:   396        SH:  0    Dex:  9    Spells: 8/14 levels left

rFire   . . .      SeeInvis .   B - +0 war axe (chaos)
rCold   . . .      Faith    .   (no shield)
rNeg    . . .      Spirit   .   r - +1 ring mail
rPois   .          Reflect  .   (no helmet)
rElec   .          Harm     .   (no cloak)
rCorr   .          Rampage  .   (no gloves)
Will    .....                   (no boots)
Stlth   +.........              (no amulet)
HPRegen 0.20/turn               i - +4 ring of protection
MPRegen 0.13/turn               n - +6 ring of strength

@: no status effects
A: reduced essence
a: Renounce Religion, Recall Ancestor, Ancestor Identity


You were on level 6 of the Dungeon.
You worshipped Hepliaklqana.
Hepliaklqana was pleased with you.
You visited 2 branches of the dungeon, and saw 7 of its levels.
You also visited: Sewer.

You collected 396 gold pieces.

Inventory:

Hand Weapons
 p - a +0 flail
 w - a +4 hand axe
 B - a +0 war axe of chaos (weapon)
Armour
 d - an orb of wrath
 g - an orb of wrath
 r - a +1 ring mail (worn)
Jewellery
 i - a +4 ring of protection (left hand)
 n - a +6 ring of strength (right hand)
Wands
 f - a wand of flame (6)
 s - a wand of acid (3)
 u - a wand of mindburst (11)
 C - a wand of polymorph (8)
Scrolls
 a - 2 scrolls of enchant armour
 b - 2 scrolls of identify
 c - a scroll of noise
 e - 3 scrolls of blinking
 o - a scroll of amnesia
Potions
 h - 3 potions of brilliance
 j - a potion of curing
 k - 2 potions of magic {unknown}
 l - a potion of flight {unknown}
 m - 3 potions of might {unknown}
 q - 4 potions of attraction {unknown}
 v - a potion of ambrosia {unknown}
 x - a potion of mutation {unknown}
 A - a potion of cancellation {unknown}


   Skills:
 + Level 4.9 Fighting
 + Level 3.5 Axes
 + Level 4.5 Armour
 - Level 1.5 Dodging
 - Level 1.5 Stealth
 + Level 3.6 Spellcasting
 + Level 5.9 Conjurations
 + Level 2.9 Hexes
 + Level 2.7 Evocations


You had 8 spell levels left.
You knew the following spells:

 Your Spells              Type           Power      Damage    Failure   Level
a - Magic Dart            Conj           100%       1d8       1%          1
b - Searing Ray           Conj           54%        2d6       3%          2
c - Dazzling Flash        Conj/Hex       42%        N/A       12%         3

Your spell library contained the following spells:

 Spells                   Type           Power      Damage    Failure   Level
 Fulminant Prism          Conj/Hex       10%        3d9       36%         4
 Iskenderun's Mystic Bla  Conj/Tloc      15%        2d5       56%         4
 Freezing Cloud           Conj/Ice/Air   5%         6-21      96%         5
 Simulacrum               Ice/Necr       1%         N/A       100%        6
 Polar Vortex             Ice            1%         N/A       100%        9


Dungeon Overview and Level Annotations

Branches:
Dungeon (6/15)             Temple (1/1) D:4           Sewer (visited)

Altars:
Ashenzari
Cheibriados
Elyvilon
Gozag
Hepliaklqana
Nemelex Xobeh
Qazlal
Ru
Sif Muna
Wu Jian
Yredelemnul


Message History

The vampire mosquito bites you but does no damage.
The vampire mosquito barely misses you.
Matia hits the vampire mosquito with a +0 dagger of draining!
The vampire mosquito barely misses the vampire mosquito.
The vampire mosquito bites you!
* * * LOW HITPOINT WARNING * * *
The vampire mosquito draws strength from your injuries!
The vampire mosquito closely misses you.
The vampire mosquito bites the vampire mosquito.
You feel better.
The vampire mosquito bites you but does no damage. x2
The vampire mosquito bites the vampire mosquito!
The vampire mosquito is destroyed!
The vampire mosquito bites you but does no damage.
Matia hits the vampire mosquito with a +0 dagger of draining.
You feel better.
The vampire mosquito bites Matia.
The vampire mosquito bites you but does no damage.
The vampire mosquito bites Matia.
The vampire mosquito bites you.
* * * LOW HITPOINT WARNING * * *
The vampire mosquito draws strength from your injuries!
Matia points at the vampire mosquito and mumbles some strange words.
The vampire mosquito resists with some effort.
You closely miss the vampire mosquito.
The vampire mosquito is moderately damaged.
The vampire mosquito bites Matia!
The vampire mosquito bites you but does no damage.
The vampire mosquito bites Matia but does no damage.
The vampire mosquito bites you but does no damage.
Matia hits the vampire mosquito with a +0 dagger of draining!
The vampire mosquito closely misses Matia.
You slash the vampire mosquito! You burn the vampire mosquito.
The vampire mosquito is almost destroyed.
The vampire mosquito barely misses you.
The vampire mosquito barely misses Matia.
The vampire mosquito bites you!
* * * LOW HITPOINT WARNING * * *
The vampire mosquito draws strength from your injuries!
Matia hits the vampire mosquito with a +0 dagger of draining!
The vampire mosquito bites Matia!
The vampire mosquito bites you.
You die...

........#....... ...# .........#.
#..# #......##. ..
#####..#####.....##. ##.. ...
........##......##. ..........#
#....#............ ............
#....###.......... ............#
##....##........... .........
#..##.@#..##........##. ........#
#..#.y##.....#....###. ..#.##..#
#..yR.##....##.##.# ## ....##..#
##..........#..##.## # ...# #..#
#.........<..###..###
...###..#####(.#######...........
..[.......<....# ##.........#
.......####....# ###.###.....#
.###...# ##...## ##............


You could see the friendly Matia the hexer, a vampire mosquito and a neutral
vampire mosquito (ally target).

Vanquished Creatures
  2 vampire mosquitoes (D:6)
  A steam dragon (D:6)
  2 water moccasins (D:5)
  A scorpion (D:5)
  4 wights (D:4)
  A bullfrog zombie (D:3)
  2 hounds
  A jelly (D:6)
  2 iguanas
  2 gnolls (D:5)
  A river rat (Sewer)
  8 adders
  A shadow imp (D:6)
  An adder skeleton (D:4)
  3 worms
  3 dart slugs
  3 orcs
  7 bats
  2 endoplasms (D:1)
  4 giant cockroaches
  7 goblins
  3 hobgoblins
  4 kobolds
  7 quokkas
  8 ball pythons
  11 frilled lizards
  9 rats
100 creatures vanquished.

Vanquished Creatures (collateral kills)
  A howler monkey (D:6)
  3 iguanas (D:5)
  2 gnolls (D:5)
  2 adders (Sewer)
  A giant cockroach (D:6)
  2 quokkas (D:6)
  3 frilled lizards (Sewer)
14 creatures vanquished.

Vanquished Creatures (others)
  A vampire mosquito (D:6)
  A hexer (D:6)
2 creatures vanquished.

Grand Total: 116 creatures vanquished

Notes
Turn   | Place    | Note
-------+----------+-------------------------------------------
     0 | D:1      | squill the Hill Orc Conjurer began the quest for the Orb.
     0 | D:1      | Reached XP level 1. HP: 14/14 MP: 3/3
   120 | D:1      | Reached XP level 2. HP: 19/22 MP: 4/4
   123 | D:1      | Learned a level 2 spell: Searing Ray
   249 | D:1      | Reached skill level 1 in Fighting
   397 | D:1      | Reached skill level 1 in Armour
  1127 | D:2      | Reached XP level 3. HP: 27/28 MP: 2/5
  1768 | D:2      | Found a faded altar of an unknown god.
  2207 | D:3      | Reached XP level 4. HP: 26/36 MP: 1/7
  3181 | D:4      | Reached XP level 5. HP: 36/42 MP: 1/8
  3671 | D:4      | Found a staircase to the Ecumenical Temple.
  3705 | Temple   | Entered the Ecumenical Temple
  3732 | Temple   | Became a worshipper of Hepliaklqana the Forgotten
  3870 | D:4      | Reached XP level 6. HP: 51/51 MP: 1/10
  4016 | D:3      | Learned a level 3 spell: Dazzling Flash
  4197 | D:4      | Found a white marble altar of Elyvilon.
  4225 | D:4      | Reached skill level 5 in Conjurations
  4655 | D:5      | Entered Level 5 of the Dungeon
  4725 | D:5      | Noticed a water moccasin
  4733 | D:5      | Killed a water moccasin
  4734 | D:5      | Reached skill level 1 in Axes
  4734 | D:5      | Reached skill level 1 in Hexes
  4734 | D:5      | Reached XP level 7. HP: 46/58 MP: 2/11
  4925 | D:5      | Reached skill level 1 in Evocations
  5297 | D:5      | Reached * piety under Hepliaklqana
  6158 | D:6      | Noticed a steam dragon
  6169 | D:6      | Killed a steam dragon
  6170 | D:6      | Reached XP level 8. HP: 25/60 MP: 1/13
  6611 | D:6      | Reached ** piety under Hepliaklqana
  6612 | D:6      | Remembered your ancestor Matia as a hexer
  6629 | D:6      | Found an opulent altar of Gozag.
  6678 | D:6      | Found a broken altar of Ashenzari.
  6689 | D:6      | Found a glowing drain.
  6704 | Sewer    | Entered a sewer
  7290 | D:6      | Found a basalt altar of Yredelemnul.
  7357 | D:6      | HP: 1/60 [vampire mosquito (10)]
  7361 | D:6      | Slain by a vampire mosquito

Illustrated notes

Levels and vault maps discovered:
D:1:      minmay_arrival_radiant_lines, layout_rooms,
          nicolae_concentric_dashed_squares_wild, minivault_11,
          interstate_on_off
D:2:      layout_loops_corners, shapermc_ecumenical_altar_hornbeckon,
          minmay_hedge_maze
D:3:      layout_loops_ring
D:4:      layout_loops_cross, lemuel_tele_altar, minmay_temple_entry_arrows
D:5:      layout_basic
D:6:      layout_layer_cave, kennysheep_mini_moat, nicolae_gozag_seed_capital,
          cheibrodos_ashenzari_chains, portal_sewer_entry_f,
          hellmonk_guarded_unrand_lears
Temple:   eino_temple_water

Skill      XL: |  1  2  3  4  5  6  7  8 |
---------------+-------------------------+-----
Fighting       | 1 2 3 4 |  4.9
Armour         | 1 2 3 4 |  4.5
Spellcasting   | 2 3 |  3.6
Conjurations   | 5 |  5.9
Axes           | 1 2 3 |  3.5
Hexes          | 1 2 |  2.9
Evocations     | 2 |  2.7
Dodging        | |  1.5
Stealth        | |  1.5

Action                   |  1- 3 |  4- 6 |  7- 9 || total
-------------------------+-------+-------+-------++-------
Melee: Dagger            |    60 |     6 |       ||    66
       Punch             |     1 |     2 |       ||     3
       Flail             |       |    24 |       ||    24
       Hand axe          |       |     1 |    16 ||    17
       War axe           |       |       |    65 ||    65
 Cast: Magic Dart        |    35 |    26 |    17 ||    78
       Searing Ray       |     7 |    22 |    11 ||    40
Invok: Ancestor Life: He |       |       |     1 ||     1
Evoke: Wand              |       |       |     1 ||     1
  Use: Scroll            |       |       |    10 ||    10
       Potion            |       |       |     4 ||     4
 Stab: Sleeping          |     3 |       |       ||     3
Armor: Leather armour    |    18 |     2 |       ||    20
       Ring mail         |       |    16 |    83 ||    99
Dodge: Dodged            |    48 |    28 |    78 ||   154

Table legend: (Time is in decaauts)
 A = Elapsed time spent in this place.
 B = Non-inter-level travel time spent in this place.
 C = Inter-level travel time spent in this place.
 D = Time resting spent in this place.
 E = Time spent auto-exploring this place.
 F = Levels seen in this place.
 G = Mean time per level.
                   A        B        C        D        E       F      G
               +--------+--------+--------+--------+--------+-----+--------+
         Total |   7447 |   7345 |    102 |   1375 |   4780 |   8 |  930.9 |
       Dungeon |   6992 |   6890 |    102 |   1375 |   4534 |   6 | 1165.3 |
        Temple |     44 |     44 |      0 |      0 |     12 |   1 |   44.0 |
         Sewer |    409 |    409 |      0 |      0 |    234 |   1 |  409.0 |
               +--------+--------+--------+--------+--------+-----+--------+

Top non-repeatable levels by time:
     D:5: 1496 daAuts
     D:3: 1361 daAuts
     D:4: 1299 daAuts
     D:2: 1041 daAuts
     D:1: 920 daAuts
     D:6: 872 daAuts
   Sewer: 409 daAuts
  Temple: 44 daAuts
